AoeStats
← Nahrimed

Arena

509614285Analyzed
4v4 RM · 6d ago on Sep 27, 2026· 34m 45s· 8 players
Game mode
Random Map
Map size
Large (8 player)
Population
200
Speed
Normal
Resources
Standard
Victory
Conquest
Starting age
Dark Age
Ending age
Imperial Age
RankedLock teamsTeams togetherTeam positionsShared explorationLock speedFull tech treeHidden civsTurbo modeCheats
Victory
Defeat
🇹🇼 Varangians · Taiwan
845
+12
🇻🇳 Bohemians · Vietnam
746
+16
🇨🇳 Portuguese · China
653
+20
🇨🇳 Chinese · China
650
+20
🇦🇷 Bohemians · Argentina
824
-20
🇵🇹 Portuguese · Portugal
791
-19
🇫🇷 Goths · France
727
-16
🇹🇷 Turks · Türkiye
643
-13
duchuy2442
2:20 Loom
10:23 Feudal Age
18:19 Castle Age
16:23 Double-Bit Axe
17:57 Horse Collar
18:55 Wheelbarrow
25:12 Heavy Plow
27:32 Bow Saw
32:19 Imperial Age
30:27 Fletching
32:54 Elite Hussite Wagon
33:58 Conscription
33:26 Capped Ram
34:36 Bodkin Arrow
YJHAN
0:40 Loom
13:42 Feudal Age
19:12 Castle Age
17:11 Double-Bit Axe
17:24 Horse Collar
18:48 Arson
19:22 Forging
19:07 Fletching
19:48 Town Watch
20:33 Pikeman
21:14 Squires
22:25 Squires
23:11 Bow Saw
25:49 Scale Mail Armor
28:27 Wheelbarrow
37:08 Imperial Age
34:21 Treadmill Crane
35:03 Ballistics
gl
12:17 Feudal Age
17:39 Castle Age
17:19 Loom
18:14 Double-Bit Axe
20:39 Murder Holes
24:21 Fletching
31:45 Imperial Age
33:26 Chemistry
David
0:38 Loom
13:20 Feudal Age
15:11 Gold Mining
14:57 Man-at-Arms
16:10 Scale Mail Armor
17:46 Padded Archer Armor
18:00 Forging
18:47 Arson
21:28 Fletching
25:20 Castle Age
27:22 Double-Bit Axe
28:18 Wheelbarrow
29:39 Leather Archer Armor
30:44 Hand Cart
31:56 Bow Saw
32:35 Bodkin Arrow
33:17 Iron Casting
33:43 Thumb Ring
33:00 Elite Skirmisher
33:50 Town Watch
37:29 Imperial Age
Nahrimed
0:27 Loom
14:16 Feudal Age
15:33 Wheelbarrow
14:49 Town Watch
17:18 Wheelbarrow
17:14 Double-Bit Axe
17:11 Horse Collar
24:19 Bloodlines
27:25 Castle Age
26:35 Fletching
26:45 Padded Archer Armor
26:40 Gold Mining
28:14 Thumb Ring
30:41 Hand Cart
30:23 Bodkin Arrow
30:49 Husbandry
32:19 Leather Archer Armor
33:57 Town Patrol
35:04 Sipahi
yenepu
0:29 Loom
11:19 Feudal Age
11:50 Double-Bit Axe
12:48 Horse Collar
22:18 Castle Age
20:26 Gold Mining
20:28 Stone Mining
22:45 Castle Age
22:24 Wheelbarrow
25:47 Stone Shaft Mining
25:44 Bow Saw
25:38 Heavy Plow
26:10 Treadmill Crane
26:51 Ballistics
26:06 Pikeman
27:09 Fortified Wall
29:56 Caravan
30:57 Elite Skirmisher
Sandroudrou
0:42 Loom
11:10 Feudal Age
12:46 Wheelbarrow
11:57 Town Watch
12:54 Horse Collar
13:07 Gold Mining
13:08 Stone Mining
13:06 Double-Bit Axe
15:33 Man-at-Arms
23:35 Castle Age
23:07 Forging
22:58 Scale Mail Armor
24:30 Hand Cart
32:10 Heavy Plow
Wolf-Salomon
5:06 Loom
11:19 Feudal Age
12:47 Wheelbarrow
11:59 Double-Bit Axe
14:59 Horse Collar
21:12 Castle Age
22:23 Hand Cart
22:20 Bow Saw
23:07 Heavy Plow
23:51 Town Watch
27:12 Town Patrol
28:22 Fortified Wall
28:37 Fletching
Connection lost

Rejoining the realm…

Still unreachable

The connection could not be restored.

Session expired

The server has moved on; the page needs a fresh start.